AoeStats
← Eh Low

Fortress

509203490Analyzed
4v4 RM · 8d ago on Sep 25, 2026· 63m 23s· 8 players
Game mode
Random Map
Map size
Huge
Population
200
Speed
Normal
Resources
Standard
Victory
Conquest
Starting age
Dark Age
Ending age
Imperial Age
RankedLock teamsTeams togetherTeam positionsShared explorationLock speedFull tech treeHidden civsTurbo modeCheats
Victory
Defeat
🇹🇼 Malay · Taiwan
828
+15
🇺🇸 Burgundians · United States
779
+17
🇲🇽 Cumans · Mexico
727
+19
🇨🇱 Khmer · Chile
722
+19
🇩🇪 Danes · Germany
835
-20
🇩🇪 Turks · Germany
832
-19
🇩🇪 Italians · Germany
818
-18
🇩🇪 Saracens · Germany
691
-13
vladimir
3:39 Loom
3:43 Double-Bit Axe
3:43 Horse Collar
7:46 Feudal Age
8:02 Gold Mining
9:32 Wheelbarrow
9:13 Bow Saw
13:13 Castle Age
13:42 Gold Shaft Mining
13:12 Heavy Plow
14:13 Forging
14:39 Husbandry
16:11 Stone Mining
20:26 Scale Barding Armor
21:15 Hand Cart
24:02 Stone Shaft Mining
22:57 Cavalier
24:06 Burgundian Vineyards
27:29 Treadmill Crane
28:00 Fortified Wall
27:46 Murder Holes
28:02 Light Cavalry
30:46 Iron Casting
30:31 Chain Barding Armor
30:02 Fletching
30:12 Padded Archer Armor
31:09 Masonry
34:23 Imperial Age
32:39 Scale Mail Armor
33:59 Elite Skirmisher
35:03 Bodkin Arrow
35:23 Leather Archer Armor
36:40 Chemistry
35:32 Guard Tower
37:50 Bracer
38:18 Hussar
39:07 Paladin
44:26 Squires
51:27 Blast Furnace
49:57 Pikeman
57:33 Plate Barding Armor
57:31 Crop Rotation
58:10 Two-Man Saw
sinko peso
14:02 Feudal Age
14:11 Man-at-Arms
14:41 Arson
16:22 Wheelbarrow
15:48 Gold Mining
15:55 Stone Mining
16:24 Town Watch
16:28 Loom
23:54 Double-Bit Axe
24:28 Horse Collar
26:05 Scale Mail Armor
27:34 Forging
27:26 Padded Archer Armor
27:17 Fletching
31:03 Castle Age
31:43 Squires
31:57 Long Swordsman
34:41 Iron Casting
34:22 Chain Mail Armor
36:05 Pikeman
39:31 Gold Shaft Mining
43:59 Heavy Plow
44:24 Elite Skirmisher
47:20 Capped Ram
50:56 Imperial Age
52:54 Hand Cart
52:50 Halberdier
52:55 Two-Handed Swordsman
53:33 Siege Ram
54:41 Town Patrol
55:15 Conscription
55:00 Steppe Husbandry
55:39 Hoardings
55:36 Bow Saw
56:02 Crop Rotation
55:55 Champion
58:11 Elite Kipchak
59:03 Cavalier
60:54 Paladin
naps
0:38 Loom
11:25 Feudal Age
15:15 Castle Age
13:53 Wheelbarrow
13:06 Town Watch
13:09 Double-Bit Axe
23:09 Bow Saw
23:25 Horse Collar
24:15 Caravan
24:27 Heavy Plow
25:51 Gold Mining
27:52 Gold Shaft Mining
31:13 Imperial Age
29:02 Hand Cart
28:13 Pikeman
28:40 Arson
29:15 Forging
29:06 Scale Mail Armor
31:05 Iron Casting
33:07 Blast Furnace
32:23 Chain Mail Armor
32:13 Scale Barding Armor
32:35 Double Crossbow
34:01 Chemistry
34:45 Chain Barding Armor
35:01 Conscription
34:19 Light Cavalry
35:10 Bloodlines
35:05 Husbandry
37:55 Heavy Scorpion
38:35 Hussar
39:38 Siege Engineers
43:44 Halberdier
45:02 Plate Barding Armor
55:35 Crop Rotation
56:37 Onager
57:15 Capped Ram
台灣大表哥
0:52 Loom
8:11 Feudal Age
8:06 Double-Bit Axe
8:06 Horse Collar
8:50 Man-at-Arms
10:22 Wheelbarrow
10:51 Gold Mining
16:52 Castle Age
16:53 Bow Saw
17:19 Heavy Plow
17:35 Forging
19:29 Long Swordsman
21:46 Hand Cart
21:42 Town Watch
21:53 Light Cavalry
27:14 Imperial Age
24:58 Husbandry
25:29 Town Patrol
27:20 Iron Casting
26:08 Capped Ram
27:12 Conscription
28:32 Forced Levy
28:23 Two-Handed Swordsman
29:04 Squires
28:49 Arson
31:09 Cavalier
31:32 Heavy Scorpion
31:38 Pikeman
33:26 Crop Rotation
32:46 Elite Karambit Warrior
33:44 Halberdier
36:53 Blast Furnace
36:54 Caravan
37:07 Guilds
37:44 Elite Battle Elephant
39:59 Scale Barding Armor
39:45 Fletching
39:55 Padded Archer Armor
44:19 Chemistry
43:40 Ballistics
45:05 Thalassocracy
48:29 Bodkin Arrow
48:50 Leather Archer Armor
53:59 Stone Mining
54:45 Gold Shaft Mining
56:23 Sappers
57:41 Bracer
62:21 Elite Skirmisher
63:07 Thumb Ring
63:50 Ring Archer Armor
64:27 Stone Shaft Mining
De Front-Boeuf
2:40 Loom
9:00 Feudal Age
11:11 Double-Bit Axe
11:16 Horse Collar
13:40 Castle Age
15:59 Bow Saw
15:50 Heavy Plow
18:43 Fletching
19:49 Gold Mining
20:37 Ballistics
21:41 Forging
21:31 Bodkin Arrow
25:12 Wheelbarrow
29:41 Imperial Age
28:11 Hand Cart
28:16 Padded Archer Armor
29:54 Elite Genoese Crossbowman
31:32 Bracer
31:30 Murder Holes
39:32 Fortified Wall
39:33 Masonry
39:37 Forging
39:43 Leather Archer Armor
39:28 Scale Mail Armor
40:20 Town Watch
40:29 Stone Mining
41:52 Two-Man Saw
41:24 Crop Rotation
41:32 Iron Casting
41:58 Ring Archer Armor
42:09 Iron Casting
41:35 Scale Mail Armor
42:41 Squires
42:27 Arson
45:10 Scale Barding Armor
45:20 Chain Mail Armor
46:06 Blast Furnace
45:51 Bloodlines
45:42 Husbandry
45:03 Light Cavalry
45:42 Cavalier
47:56 Cavalier
48:59 Chain Barding Armor
60:25 Light Cavalry
63:44 Plate Barding Armor
Eh Low
9:49 Feudal Age
9:19 Loom
15:08 Castle Age
13:23 Bloodlines
13:41 Double-Bit Axe
13:57 Horse Collar
14:33 Scale Barding Armor
14:21 Fletching
15:44 Gold Mining
20:57 Imperial Age
19:09 Squires
19:17 Husbandry
20:56 Wheelbarrow
20:46 Town Watch
25:45 Conscription
28:28 Chain Barding Armor
32:10 Murder Holes
32:36 Ballistics
33:25 Capped Ram
40:07 Heavy Camel Rider
42:34 Plate Barding Armor
42:10 Forging
41:56 Bodkin Arrow
42:02 Padded Archer Armor
43:44 Scale Mail Armor
49:05 Stone Mining
50:55 Chain Mail Armor
50:42 Bracer
55:45 Iron Casting
55:26 Leather Archer Armor
55:42 Plate Mail Armor
57:52 Blast Furnace
58:05 Caravan
58:39 Hand Cart
58:36 Bow Saw
58:27 Heavy Plow
59:01 Ring Archer Armor
61:05 Two-Man Saw
60:09 Town Patrol
60:24 Masonry
61:32 Artillery
Billie Edel
10:04 Feudal Age
13:09 Wheelbarrow
12:31 Gold Mining
12:24 Horse Collar
12:33 Double-Bit Axe
15:36 Man-at-Arms
21:12 Castle Age
20:01 Stone Mining
20:42 Bloodlines
22:02 Heavy Plow
22:16 Bow Saw
23:02 Gold Shaft Mining
23:59 Hand Cart
23:56 Caravan
23:52 Long Swordsman
24:22 Gambesons
24:38 Squires
25:16 Arson
25:37 Husbandry
33:08 Imperial Age
34:10 Ballistics
35:28 Elite Mameluke
36:30 Conscription
37:35 Chemistry
35:58 Two-Handed Swordsman
36:47 Scale Barding Armor
36:43 Scale Mail Armor
36:54 Forging
38:13 Chain Barding Armor
41:22 Iron Casting
41:02 Chain Mail Armor
40:12 Champion
43:37 Blast Furnace
43:14 Plate Barding Armor
55:59 Plate Mail Armor
Les Goh
5:40 Loom
7:27 Feudal Age
8:24 Double-Bit Axe
8:49 Horse Collar
14:54 Castle Age
16:00 Fletching
16:35 Bow Saw
16:28 Heavy Plow
16:42 Bodkin Arrow
16:59 Forging
16:51 Scale Mail Armor
16:59 Pikeman
19:44 Arson
19:23 Man-at-Arms
19:48 Gambesons
20:46 Gold Mining
20:48 Stone Mining
21:57 Long Swordsman
23:03 Hamask
25:10 Wheelbarrow
25:43 Iron Casting
25:10 Padded Archer Armor
26:17 Gold Shaft Mining
26:51 Town Watch
27:32 Squires
29:08 Hand Cart
28:56 Town Patrol
29:40 Chain Mail Armor
30:34 Leather Archer Armor
33:35 Imperial Age
34:07 Two-Handed Swordsman
35:15 Conscription
34:21 Elite Jomsviking
35:46 Champion
35:54 Halberdier
37:41 Elite Varangian Guard
40:25 Murder Holes
40:51 Ballistics
Connection lost

Rejoining the realm…

Still unreachable

The connection could not be restored.

Session expired

The server has moved on; the page needs a fresh start.